 Dungeon Sprint DCSS version 0.28.0-45-g0d030f2227 (webtiles) character file.

Game seed: 14047482845986572185

4900000 boopmooplesden the Axe Maniac (level 23, -5/240 HPs)
             Began as a Minotaur Berserker on Apr 16, 2022.
             Was the Champion of Trog.
             Slain by a bag of meat
             ... wielding a +9 war axe
              (9 damage)
             ... in the Dungeon (Sprint VIII: "Arena of Blood").
             The game lasted 00:04:01 (49 turns).

boopmooplesden the Axe Maniac (Minotaur Berserker)    Turns: 49, Time: 00:04:02

Health: -5/240     AC:  4    Str: 25    XL:     23   Next: 32%
Magic:  19/38      EV: 30    Int:  4    God:    Trog [******]
Gold:   0          SH:  0    Dex: 18    Spells: 22/22 levels left

rFire   . . .      SeeInvis .   i - +∞ Axe of Woe
rCold   . . .      Faith    .   (shield currently unavailable)
rNeg    . . .      Spirit   .   b - +0 animal skin
rPois   .          Reflect  .   (helmet restricted)
rElec   .          Harm     .   (no cloak)
rCorr   .          Rampage  .   (no gloves)
Will    +....      NoTele   +   (no boots)
Stlth   ++++++++..              (no amulet)
HPRegen 0.50/turn               j - +30 ring of slaying
MPRegen 0.26/turn               (no ring)

@: no status effects
A: horns 2, retaliatory headbutt
a: Renounce Religion, Berserk, Trog's Hand, Brothers in Arms


You were in the Dungeon.
You worshipped Trog.
Trog was exalted by your worship.
You visited 1 branch

Inventory:

Hand Weapons
 a - a +0 hand axe
 i - the +∞ Axe of Woe (weapon)
   (You found it in the Dungeon)
Armour
 b - a +0 animal skin (worn)
Jewellery
 j - a +30 ring of slaying (left hand)
Potions
 c - a potion of curing
 d - a potion of heal wounds
 e - a potion of haste
 f - 2 potions of magic
 g - a potion of berserk rage


   Skills:
 O Level 27 Fighting
 O Level 27 Short Blades
 O Level 27 Long Blades
 O Level 27 Axes
 O Level 27 Maces & Flails
 O Level 27 Polearms
 O Level 27 Staves
 + Level 26.0(27) Slings
 + Level 26.0 Bows
 + Level 25.9 Crossbows
 + Level 24.1(27) Throwing
 O Level 27 Armour
 O Level 27 Dodging
 + Level 22.3 Stealth
 O Level 27 Shields
 + Level 25.8 Unarmed Combat
 + Level 24.0 Invocations
 + Level 22.2 Evocations


You had 22 spell levels left.
You didn't know any spells.
Your spell library was empty.

Dungeon Overview and Level Annotations

Branches:
Dungeon (1/1)

Altars:
Makhleb


Innate Abilities, Weirdness & Mutations

You have a pair of horns on your head.
You reflexively headbutt those who attack you in melee.


Message History

You hear a shout! x3
The bag of meat is engulfed in blazing flames.
You hear a shout! x2; The bag of meat shouts!
You have mastered Short Blades!
Your Evocations skill increases to level 22!
Unknown command.
You slice the bag of meat!!
You dissect the bag of meat like a pig carcass.
You kill the bag of meat!
Trog accepts your kill. Trog grants you a weapon!
Something appears at your feet!
You see here a +4 vorpal quarterstaff.
Your skin stops crawling.
You feel less strong-willed.
You hear a shout! x2
The bag of meat is engulfed in blazing flames.
You hear a shout!
An eight-headed meat hydra comes into view.
The large bag of meat is engulfed in blazing flames.
You hear a shout! x3
An accursed comes into view.
The meat berserker is engulfed in blazing flames.
Your base Slings skill increases to level 26!
Your Bows skill increases to level 26!
Your base Throwing skill increases to level 24!
Your Invocations skill increases to level 24!
The bag of meat shouts!
You hear a shout!
The tyrant waves its bony arms in wide circles.
The air twists around and strikes you!!
* * * LOW HITPOINT WARNING * * *
You hear a shout! x6
The eight-headed meat hydra calls on the powers of darkness!
The eight-headed meat hydra convulses!
The bag of meat convulses! x7
The meat berserker convulses!
The large bag of meat convulses!
Flame seeps out of the large bag of meat.
The bag of meat convulses! x3; Your body is wracked with pain!
* * * LOW HITPOINT WARNING * * *
A bag of meat comes into view. It is wielding a +9 war axe.
The large bag of meat is engulfed in blazing flames.
The bag of meat hits you with a +9 war axe!
You die...

#..... .# .. #.....
.oD#........ #.....
###Mo.#.....o.
#.....###zoo...#......
#....#..)))o.......o..
#......)o#°........Oo.
#.....)o○)#........#..
#....oo○O§§..#.))).#..
#....@oO..#....))###).
#....#o.........))))..
#....##.......#...)...
#.... #....L#.......#.
#=... .###..........#_
#.... # ...#.......#.
#.... ....#.......
#.... ............
.......###..


You could see an accursed, a tyrant (fast), an eight-headed meat hydra, a
sculptor of flesh, a large bag of meat (inner flame), a meat berserker (berserk)
and 11 bags of meat.

Vanquished Creatures
  5 vampire knights (D)
  12 ogres (D)
  2 two-headed ogres (D)
  50 orcs (D)
  A skeletal warrior (D)
70 creatures vanquished.

Notes
Turn   | Place    | Note
-------+----------+-------------------------------------------
     0 | D        | Found the +∞ Axe of Woe
     0 | D        | boopmooplesden the Minotaur Berserker began the quest for
                  | the Orb.
     0 | D        | Reached XP level 1. HP: 19/19 MP: 0/0
     4 | D        | Noticed a bag of meat
     4 | D        | Noticed a bag of meat
     4 | D        | Noticed a bag of meat
     4 | D        | Noticed a meat berserker
     5 | D        | Noticed a bag of meat
     5 | D        | Killed a bag of meat
     5 | D        | Noticed a bag of meat
     6 | D        | Reached skill level 10 in Armour
     6 | D        | Reached XP level 2. HP: 55/55 MP: 1/1
     6 | D        | Reached XP level 3. HP: 62/62 MP: 2/2
     6 | D        | Reached XP level 4. HP: 70/70 MP: 3/3
     6 | D        | Reached XP level 5. HP: 77/77 MP: 4/4
     6 | D        | Reached XP level 6. HP: 85/85 MP: 5/5
     6 | D        | Reached XP level 7. HP: 92/92 MP: 6/6
     6 | D        | Reached XP level 8. HP: 100/100 MP: 7/7
     6 | D        | Reached XP level 9. HP: 107/107 MP: 8/8
     6 | D        | Reached XP level 10. HP: 115/115 MP: 9/9
     6 | D        | Noticed a bag of meat
     8 | D        | Killed a meat berserker
     8 | D        | Reached ** piety under Trog
     8 | D        | Killed a bag of meat
     8 | D        | Noticed a bag of meat
     9 | D        | Reached XP level 11. HP: 136/136 MP: 10/10
     9 | D        | Reached XP level 12. HP: 145/145 MP: 11/11
     9 | D        | Reached XP level 13. HP: 151/151 MP: 12/12
    10 | D        | Killed a bag of meat
    10 | D        | Killed a bag of meat
    11 | D        | Reached skill level 27 in Fighting
    11 | D        | Reached skill level 27 in Axes
    11 | D        | Noticed a bag of meat
    11 | D        | Noticed a meat berserker
    11 | D        | Noticed a bag of meat
    11 | D        | Noticed a bag of meat
    12 | D        | Killed a bag of meat
    12 | D        | Reached *** piety under Trog
    13 | D        | Reached XP level 14. HP: 150/168 MP: 13/13
    13 | D        | Killed a bag of meat
    13 | D        | Noticed a meat berserker
    13 | D        | Noticed a bag of meat
    15 | D        | Noticed a bag of meat
    15 | D        | Noticed a bag of meat
    16 | D        | Noticed a large bag of meat
    16 | D        | Noticed a bag of meat
    16 | D        | Noticed a bag of meat
    16 | D        | Noticed a bag of meat
    16 | D        | Noticed a bag of meat
    16 | D        | Noticed a bag of meat
    16 | D        | Noticed a bag of meat
    16 | D        | Noticed a meat berserker
    16 | D        | Noticed a meat berserker
    16 | D        | Noticed a bag of meat
    16 | D        | Noticed a bag of meat
    16 | D        | Noticed a bag of meat
    17 | D        | Killed a meat berserker
    17 | D        | Noticed a bag of meat
    17 | D        | Noticed a bag of meat
    17 | D        | Noticed a bag of meat
    18 | D        | Killed a meat berserker
    18 | D        | Reached **** piety under Trog
    18 | D        | Killed a bag of meat
    18 | D        | Noticed a large bag of meat
    18 | D        | Noticed a meat berserker
    19 | D        | Reached XP level 15. HP: 160/174 MP: 14/14
    19 | D        | Noticed a meat berserker
    20 | D        | Reached ***** piety under Trog
    21 | D        | Reached skill level 27 in Armour
    21 | D        | Reached skill level 27 in Dodging
    21 | D        | Reached XP level 16. HP: 104/183 MP: 15/15
    21 | D        | Noticed a large bag of meat
    21 | D        | Noticed a destroyer
    22 | D        | Reached skill level 5 in Throwing
    22 | D        | Reached skill level 5 in Stealth
    22 | D        | Reached skill level 5 in Invocations
    22 | D        | Reached skill level 5 in Evocations
    22 | D        | Killed a meat berserker
    22 | D        | Received a gift from Trog
    22 | D        | Killed a meat berserker
    22 | D        | Noticed a destroyer
    23 | D        | Reached skill level 10 in Long Blades
    24 | D        | Reached skill level 10 in Short Blades
    24 | D        | Reached skill level 10 in Maces & Flails
    24 | D        | Reached skill level 10 in Polearms
    24 | D        | Reached skill level 10 in Staves
    24 | D        | Reached skill level 10 in Slings
    24 | D        | Reached skill level 10 in Bows
    24 | D        | Reached skill level 10 in Crossbows
    24 | D        | Reached skill level 10 in Shields
    24 | D        | Reached skill level 10 in Unarmed Combat
    24 | D        | Reached XP level 17. HP: 112/191 MP: 15/22
    24 | D        | Noticed a meat berserker
    24 | D        | Noticed a meat berserker
    24 | D        | Noticed a destroyer
    24 | D        | Noticed a meat berserker
    25 | D        | Noticed a meat berserker
    25 | D        | Killed a meat berserker
    26 | D        | Reached skill level 10 in Throwing
    26 | D        | Reached skill level 10 in Invocations
    26 | D        | Killed a large bag of meat
    26 | D        | Received a gift from Trog
    26 | D        | Noticed a destroyer
    27 | D        | Reached skill level 10 in Stealth
    27 | D        | Reached skill level 10 in Evocations
    27 | D        | Noticed a meat berserker
    27 | D        | Killed a destroyer
    27 | D        | Reached ****** piety under Trog
    28 | D        | Reached skill level 15 in Short Blades
    28 | D        | Reached skill level 15 in Maces & Flails
    28 | D        | Reached skill level 15 in Polearms
    28 | D        | Reached skill level 15 in Staves
    28 | D        | Reached skill level 15 in Shields
    28 | D        | Reached XP level 18. HP: 89/200 MP: 15/26
    28 | D        | Killed a meat berserker
    28 | D        | Identified the +7 lajatang of Imaran {antimagic, rPois rN+
                  | Will+ Dex+6} (Trog gifted it to you in the Dungeon)
    28 | D        | Received a gift from Trog
    28 | D        | Killed a meat berserker
    29 | D        | Reached skill level 15 in Slings
    29 | D        | Reached skill level 15 in Bows
    29 | D        | Reached skill level 15 in Crossbows
    29 | D        | Reached skill level 15 in Unarmed Combat
    29 | D        | Reached XP level 19. HP: 81/207 MP: 15/28
    30 | D        | Reached skill level 15 in Throwing
    30 | D        | Reached skill level 15 in Invocations
    31 | D        | Killed a destroyer
    31 | D        | Received a gift from Trog
    31 | D        | Killed a meat berserker
    32 | D        | Reached XP level 20. HP: 38/216 MP: 16/31
    33 | D        | Killed a destroyer
    33 | D        | Received a gift from Trog
    34 | D        | Killed a destroyer
    34 | D        | Killed a meat berserker
    34 | D        | Received a gift from Trog
    35 | D        | Reached XP level 21. HP: 43/224 MP: 16/33
    35 | D        | Noticed a destroyer
    39 | D        | Received a gift from Trog
    40 | D        | Reached XP level 22. HP: 50/233 MP: 17/35
    41 | D        | Killed a large bag of meat
    43 | D        | Killed a destroyer
    43 | D        | Received a gift from Trog
    44 | D        | Reached skill level 27 in Long Blades
    44 | D        | Identified the +7 long sword "Houw" {vorpal, rPois Will-
                  | Dex+3} (Trog gifted it to you in the Dungeon)
    44 | D        | Received a gift from Trog
    45 | D        | Noticed a tyrant
    46 | D        | Reached skill level 27 in Maces & Flails
    46 | D        | Reached skill level 27 in Polearms
    46 | D        | Reached skill level 27 in Staves
    46 | D        | Reached skill level 27 in Shields
    46 | D        | Reached XP level 23. HP: 27/240 MP: 18/37
    48 | D        | Reached skill level 27 in Short Blades
    48 | D        | Received a gift from Trog
    48 | D        | Noticed an accursed
    49 | D        | HP: 5/240 [tyrant/the air (25)]
    49 | D        | Slain by a bag of meat

Illustrated notes

Levels and vault maps discovered:
D:        meatsprint

Skill      XL: |  1  2  3  4  5  6  7  8  9 10 11 12 13 14 15 16 17 18 19 20 21 22 23 |
---------------+----------------------------------------------------------------------+-----
Fighting       | 19 24 27 | 27.0
Axes           | 20 25 27 | 27.0
Armour         | 10 14 18 26 27 | 27.0
Dodging        | 9 12 17 25 27 | 27.0
Short Blades   | 10 15 16 20 22 24 26 27 | 27.0
Long Blades    | 11 16 18 21 24 26 27 | 27.0
Maces & Flails | 10 15 17 20 23 24 27 | 27.0
Polearms       | 10 15 17 20 23 24 27 | 27.0
Staves         | 10 15 17 20 23 24 27 | 27.0
Slings         | 10 14 15 18 21 22 25 26 | 26.0
Bows           | 10 14 15 18 21 22 25 26 | 26.0
Crossbows      | 10 14 15 18 21 22 25 | 25.9
Throwing       | 9 13 14 17 19 21 23 24 | 24.1
Stealth        | 8 12 13 16 18 19 22 | 22.3
Shields        | 10 15 17 20 23 24 27 | 27.0
Unarmed Combat | 10 14 15 18 21 22 25 | 25.8
Invocations    | 9 13 14 17 19 21 23 24 | 24.0
Evocations     | 8 12 13 16 18 19 21 22 | 22.2

Action                   |  1- 3 |  4- 6 |  7- 9 | 10-12 | 13-15 | 16-18 | 19-21 | 22-24 || total
-------------------------+-------+-------+-------+-------+-------+-------+-------+-------++-------
Melee: Executioner's axe |     1 |       |       |     1 |     6 |     7 |     9 |     6 ||    30
Invok: Trog's Hand       |       |       |       |       |     2 |       |       |       ||     2
       Brothers in Arms  |       |       |       |       |       |       |     1 |       ||     1
  Use: Scroll            |       |       |       |       |       |     1 |       |       ||     1
Dodge: Dodged            |       |       |       |       |       |       |     2 |     1 ||     3
